 Dungeon Crawl Stone Soup version 0.15.0-29-ga8e3430 (webtiles) character file.

155 Iskender the Cudgeler (level 5, -2/32 HPs)
             Began as a Gargoyle Chaos Knight on Sept 12, 2014.
             Was a Plaything of Xom.
             Killed from afar by an orc wizard (7 damage)
             ... with a puff of flame
             ... on Level 2 of the Dungeon.
             The game lasted 00:16:41 (2357 turns).

Iskender the Cudgeler (Gargoyle Chaos Knight)       Turns: 2357, Time: 00:16:43

HP  -2/32        AC  9     Str 15      XL: 5   Next: 37%
MP   5/5         EV 10     Int 13      God: Xom
Gold 72          SH  0     Dex 10      Spells:  0 memorised,  4 levels left

rFire  . . .     SeeInvis .     a - +0 whip (drain)
rCold  . . .     Clarity  .     g - +2 leather armour
rNeg   + . .     rCorr    .     (no shield)
rPois  +         rRot     +     (no helmet)
rElec  +         Spirit   .     (no cloak)
SustAb .         Warding  .     (no gloves)
rMut   .         Stasis   .     (no boots)
Gourm  .                        (no amulet)
MR     .....                    (no ring)
                                (no ring)

@: about to teleport, not resistant to hostile enchantments, very unstealthy
A: negative energy resistance 1, electricity resistance, unbreathing,
petrification resistance, rot immunity, AC +4
a: Renounce Religion


You were on level 2 of the Dungeon.
You worshipped Xom.
You were a beloved toy of Xom.
You were not hungry.

You visited 1 branch of the dungeon, and saw 3 of its levels.

You collected 72 gold pieces.

Inventory:

Hand weapons
 a - a +0 whip of draining (weapon)
 b - a +0 hunting sling
 j - a +0 falchion of chaos
 k - a +2 vampiric dagger
Missiles
 l - 20 bolts
 n - a tomahawk (quivered)
 q - 11 poisoned needles
 s - 30 stones
Armour
 g - a +2 leather armour (worn)
 t - a cursed +0 large shield
Comestibles
 c - 6 bread rations
 f - 2 beef jerkies
 v - a chunk of jackal flesh
 w - 4 fruits
Scrolls
 d - a scroll of immolation {unknown}
 e - a scroll of recharging
 h - 2 scrolls of identify
 i - a scroll of teleportation
 o - a scroll of enchant weapon
 p - a scroll of remove curse
Potions
 r - a potion of haste


   Skills:
 - Level 3.2 Fighting
 - Level 2.6 Long Blades
 + Level 4.5 Maces & Flails
 - Level 2.1 Armour
 - Level 0.7 Dodging
 - Level 1.7 Stealth


You had 4 spell levels left.
You didn't know any spells.

Dungeon Overview and Level Annotations

Branches:
Dungeon (3/15)

Altars:
Nemelex Xobeh


Innate Abilities, Weirdness & Mutations

You are resistant to torment.
You are immune to poison.
Your stone body is very resilient (AC +4).
You resist negative energy.
You are resistant to electric shocks.
You can survive without breathing.
You are immune to petrification.
You are immune to rotting.


Message History

The orc wizard hits you but does no damage.
The orc hits you but does no damage.
You climb upwards.
There is a stone staircase leading down here.
The orc wizard hits you but does no damage.
Drink which item? (? for menu, Esc to quit)
You feel your strength returning.
It was a potion of restore abilities. "Hum-dee-hum-dee-hum..."
You are now a beloved toy of Xom.
The orc wizard hits you but does no damage.
Drink which item? (? for menu, Esc to quit)
Okay, then.
Read which item? (? for menu, Esc to quit)
As you read the scroll of teleportation, it crumbles to dust.
You feel strangely unstable. The orc wizard hits you with a dagger.
* * * LOW HITPOINT WARNING * * *
The orc wizard casts a spell at you. The puff of flame hits you!
You die...
Xom chortles!

.##<#.#...# #..#+#............#
.##.#.#...# ##.#.#............#
.####.#########.#.#.############
.# #.# #............# .# #.#
#.#####..#.#.# .# #.# #.#
#..#.#.# .# #.# #.# #.>#.#.#
.####.# #.# ###o#.#.# ......#
#.# #.@.#.#.# ####### #.#
#.#.#.#.# #)####'#####.#
#.#.......##.# #.#.......##.#
#.#..#♣#..##.# ##########.'..#
#..'..# ...........#..#♣#..####
############.......#


You could see an orc wizard.

Vanquished Creatures
  2 orc wizards (D:3)
  4 adders
  A worm (D:2)
  A giant gecko (D:3)
  3 orcs (D:3)
  A ball python (D:1)
  7 hobgoblins
  11 jackals
  2 kobolds (D:2)
  A quokka (D:2)
  7 bats
  A giant cockroach (D:2)
  2 giant newts
  9 goblins
  5 rats
57 creatures vanquished.

Vanquished Creatures (collateral kills)
  An orc (D:3)
1 creature vanquished.

Grand Total: 58 creatures vanquished

Notes
Turn   | Place    | Note
--------------------------------------------------------------
     0 | D:1      | Iskender, the Gargoyle Chaos Knight, began the quest for the Orb.
     0 | D:1      | Reached XP level 1. HP: 14/14 MP: 1/1
   144 | D:1      | XOM: potion effect (haste)
   151 | D:1      | Reached skill level 1 in Stealth
   451 | D:1      | Found a sparkling altar of Nemelex Xobeh.
   484 | D:1      | Reached XP level 2. HP: 19/19 MP: 2/2
   693 | D:2      | XOM: cast spell 'Spider Form'
   822 | D:2      | Reached skill level 1 in Maces & Flails
   877 | D:2      | Reached XP level 3. HP: 14/23 MP: 3/3
   883 | D:2      | XOM: harmless Necr miscast
  1032 | D:2      | XOM: divination: magic mapping
  1226 | D:2      | Reached XP level 4. HP: 24/28 MP: 4/4
  1285 | D:2      | XOM: harmless Summ miscast
  1643 | D:3      | XOM: potion effect (brilliance)
  1647 | D:3      | XOM: potion effect (agility)
  1673 | D:3      | Reached skill level 4 in Maces & Flails
  1673 | D:3      | Reached XP level 5. HP: 19/32 MP: 5/5
  2108 | D:3      | XOM is BORED!
  2108 | D:3      | XOM: noise
  2147 | D:3      | XOM: colour smoke trail
  2302 | D:3      | XOM: 1-stop teleportation journey
  2322 | D:3      | XOM: blink monster(s)
  2337 | D:3      | XOM: confusion (+ monsters)
  2351 | D:3      | XOM: divination: magic mapping
  2352 | D:3      | Xom revived you
  2356 | D:2      | XOM: enchant monster (good)
  2357 | D:2      | Killed from afar by an orc wizard

Action                   |  1- 3 |  4- 6 || total
-------------------------+-------+-------++-------
Melee: Falchion          |    21 |       ||    21
       Whip              |    95 |   105 ||   200
       Unarmed           |     1 |       ||     1
 Fire: Hunting sling     |       |     3 ||     3
Throw: Tomahawk          |       |     4 ||     4
  Use: Scroll            |       |     6 ||     6
       Potion            |       |     2 ||     2
 Stab: Sleeping          |     1 |       ||     1
  Eat: Chunk             |     1 |     4 ||     5
